 Dungeon Crawl Stone Soup version 0.21.1-1-g345015f (webtiles) character file.

6284 shakethe the Fighter (level 10, -9/111 HPs)
             Began as an Ogre Fire Elementalist on Feb 18, 2018.
             Was a Follower of Makhleb.
             Mangled by an orc warrior
             ... wielding a +0 halberd
              (14 damage)
             ... on level 8 of the Dungeon.
             The game lasted 00:40:38 (11122 turns).

shakethe the Fighter (Ogre Fire Elementalist)      Turns: 11122, Time: 00:40:38

Health: -9/111     AC:  7    Str: 14    XL:     10   Next: 94%
Magic:  13/18      EV: 10    Int: 19    God:    Makhleb [*.....]
Gold:   302        SH:  4    Dex:  9    Spells: 3/20 levels left

rFire    . . .     SeeInvis .   J - +3 battleaxe
rCold    . . .     Gourm    .   (shield currently unavailable)
rNeg     . . .     Faith    .   u - +0 robe {MR+}
rPois    .         Spirit   .   (helmet restricted)
rElec    .         Reflect  +   (no cloak)
rCorr    .         Harm     .   (gloves unavailable)
MR       ++...                  (boots unavailable)
Stlth    ++........             f - +4 amulet of reflection
HPRegen  0.28/turn              j - ring of stealth {Stlth+}
MPRegen  0.16/turn              o - +4 ring of protection

@: no status effects
A: large, unfitting armour, tough skin 1
a: Renounce Religion


You were on level 8 of the Dungeon.
You worshipped Makhleb.
Makhleb was aware of your devotion.
You were not hungry.

You visited 2 branches of the dungeon, and saw 9 of its levels.
You also visited: Sewer.

You collected 302 gold pieces.

Inventory:

Hand Weapons
 E - a +2 flail of protection
   (You took it off Edmund on level 4 of the Dungeon)
 F - the +2 falchion "Dajoinlo" {protect, rF+ Int+5}
   (You found it on level 5 of the Dungeon)

   It protects the one who uses it against injury (+AC on strike).
   It affects your intelligence (+5).
   It protects you from fire.
 J - a +3 battleaxe (weapon)
   (You took it off a wight on level 6 of the Dungeon)
Missiles
 G - 99 stones (quivered)
 N - a throwing net {=f, !d}
Armour
 u - a +0 robe of magic resistance (worn)
   (You took it off Jessica on level 2 of the Dungeon)
Magical Staves
 M - an uncursed staff of air {unknown}
   (You found it on level 6 of the Dungeon)
Jewellery
 f - a +4 amulet of reflection (around neck)
   (You found it on level 1 of the Dungeon)
 j - a ring of stealth (left hand) {Stlth+}
   (You found it on level 1 of the Dungeon)
 o - a +4 ring of protection (right hand)
   (You took it off a hobgoblin on level 2 of the Dungeon)
 s - a cursed ring of magical power {unknown}
   (You found it on level 3 of the Dungeon)
 B - an uncursed ring of positive energy {unknown}
   (You found it on level 6 of the Dungeon)
 O - a cursed amulet of harm {unknown}
   (You found it on level 8 of the Dungeon)
Wands
 K - a wand of flame (51)
   (You found it on level 5 of the Dungeon)
Scrolls
 a - 2 scrolls of magic mapping {unknown}
 d - 5 scrolls of teleportation {unknown}
 h - 6 scrolls of identify {unknown}
 k - a scroll of immolation {unknown}
 m - 2 scrolls of remove curse {unknown}
 v - 4 scrolls of blinking {unknown}
 w - a scroll of enchant armour {unknown}
 x - a scroll of random uselessness {unknown}
 y - 3 scrolls of noise {unknown}
 D - a scroll of amnesia {unknown}
 H - 2 scrolls of fog {unknown}
Potions
 e - 4 potions of brilliance {unknown}
 g - 6 potions of curing {unknown}
 n - 3 potions of lignification {unknown}
 p - a potion of haste {unknown}
 q - a potion of flight {unknown}
 r - 2 potions of resistance {unknown}
 t - 2 potions of degeneration {unknown}
 z - a potion of mutation {unknown}
 C - 4 potions of heal wounds {unknown}
 I - a potion of magic {unknown}
 L - a potion of might {unknown}
Books
 b - a book of Flames
 i - a book of Maledictions
   (You found it on level 2 of the Dungeon)
 A - a book of Necromancy
   (You found it on level 5 of the Dungeon)
Comestibles
 c - 7 rations
 l - 2 chunks of flesh {@w0}


   Skills:
 + Level 10.5 Fighting
 + Level 6.0 Axes
 - Level 1.7 Dodging
 - Level 1.4 Stealth
 + Level 5.7 Spellcasting
 + Level 6.2 Conjurations
 + Level 4.1 Necromancy
 + Level 8.0 Fire Magic


You had 3 spell levels left.
You knew the following spells:

 Your Spells              Type           Power        Failure   Level  Hunger
a - Flame Tongue          Conj/Fire      ####.        1%          1    None
b - Borgnjor's Vile Clut  Necr/Erth      ##........   80%         5    #####..
c - Conjure Flame         Conj/Fire      ####....     1%          3    ##.....
r - Regeneration          Chrm/Necr      ##........   16%         3    ##.....
s - Sticky Flame          Conj/Fire      ####....     6%          4    ####...
A - Animate Skeleton      Necr           N/A          2%          1    None


Dungeon Overview and Level Annotations

Branches:
Dungeon (8/15)             Temple (1/1) D:6
   Lair: D:8-11

Altars:
Ashenzari
Cheibriados
Dithmenos
Elyvilon
Fedhas
Gozag
Hepliaklqana
Kikubaaqudgha
Makhleb
Nemelex Xobeh
Okawaru
Qazlal
Ru
Sif Muna
Trog
Uskayaw
Vehumet
Wu Jian
Xom
Yredelemnul
Zin
The Shining One

Shops:
D:4 !

Annotations:
D:2 1 runed door


Innate Abilities, Weirdness & Mutations

You are too large for most types of armour.
You have tough skin. (AC +1)


Message History

Okay, then.
Unknown command.
Unknown command.
Really walk into that cloud of flame? [Y]es or [N]o only, please.
Really walk into that cloud of flame?
Okay, then.
You now have 302 gold pieces (gained 12).
An ogre comes into view. It is wielding a giant club.
A worker ant comes into view.
The ogre shouts!
The ogre closely misses you.
Aim: an ogre, wielding a giant club The sticky flame hits the ogre.
The ogre is covered in liquid flames!
The ogre burns!
The ogre hits you with a giant club!
You take 15 damage, and have 52/111 hp.
You now have 7/18 mp.
You slash the ogre!
The ogre burns!
The ogre barely misses you.
You slash the ogre!
You kill the ogre!
Makhleb accepts your kill.
You see here a giant club.
The worker ant barely misses you.
You closely miss the worker ant. The worker ant closely misses you.
The worker ant bites you but does no damage.
You hit the worker ant but do no damage.
The worker ant misses you.
You slash the worker ant!
You kill the worker ant!
Makhleb accepts your kill.
O - a tiny jasper amulet
There are no items here.
e - 4 purple potions (gained 1)
There are no items here.
Things that are here:
a giant spiked club x2
You start resting.
Eating one of 3 chunks of flesh {@w0}.
You eat one of the 3 chunks of flesh {@w0}.
An orc warrior comes into view. It is wielding a halberd.
You regained 39 hp, and now have 99/111 hp.
MP restored: 18 The orc warrior shouts!
The orc warrior barely misses you.
Aim: an orc warrior, wielding a halberd and wearing a plate armour The sticky flame hits the orc warrior.
The orc warrior appears unharmed.
The orc warrior is covered in liquid flames!
The orc warrior burns!
You now have 14/18 mp.
The orc warrior burns!
The orc warrior completely misses you.
The orc warrior burns!
The orc warrior burns!
The orc warrior stops burning.
Things that are here:
a giant spiked club x2
An orc wizard comes into view. It is wielding a dagger.
The orc warrior drinks a potion.
The orc warrior flickers and vanishes!
Deactivating autopickup; reactivate with Ctrl-A.
The orc wizard gestures wildly while chanting.
The orc wizard flickers and vanishes!
Something hits you!
You take 7 damage, and have 95/111 hp.
Something hits you!
You take 12 damage, and have 83/111 hp.
Something hits you but does no damage. Something hits you but does no damage.
You slash something! Something hits you! Something hits you but does no damage.
You take 6 damage, and have 78/111 hp.
You barely miss something.
Something hits you but does no damage. x2
Something hits you!
You take 9 damage, and have 69/111 hp.
You closely miss something. Something hits you but does no damage.
Something hits you!!
You hear some strange, mumbled words.
A magic dart appears from out of thin air!
The magic dart hits you!
You take 26 damage, and have 43/111 hp.
MASSIVE DAMAGE!!
You can't see any susceptible monsters within range! (Use Z to cast anyway.)
The sticky flame hits something.
Makhleb accepts your kill.
You feel better.
Reactivating autopickup.
You feel a bit more experienced. Something hits you!!
* * * LOW HITPOINT WARNING * * *
Deactivating autopickup; reactivate with Ctrl-A.
You take 19 damage, and have 24/111 hp.
You now have 13/18 mp.
Things that are here:
a dagger; a robe You closely miss something.
Something hits you!
* * * LOW HITPOINT WARNING * * *
Something hits you!
* * * LOW HITPOINT WARNING * * *
You take 20 damage, and have 4/111 hp.
Unknown command.
Okay, then.
You don't know that spell.
You don't know that spell.
You don't know that spell.
Something hits you!
You die...

#.### #...# # #.#.# .#
#.#.##.# ######.....
#....#...# ###
#....#...#########.#
#..).....@.).).....#
#......####....###.#
#......# ########.###
#....#...............#
#################.##.#.
########...........#....
#.....>......###......###
#.####.#.###.# #.....##
###.#.###.###########.


There were no monsters in sight!

Vanquished Creatures
  3 two-headed ogres (D:8)
  The ghost of pk666 the Thaumaturge, a novice DEWz (D:7)
  A hungry ghost (D:8)
  Edmund (D:4)
  An ice beast (D:6)
  A phantom (D:4)
  5 ogres
  A centaur (D:7)
  9 big kobolds
  Blork the orc (D:4)
  A bullfrog (D:6)
  A gnoll sergeant (D:7)
  A scorpion (D:1)
  A water moccasin skeleton (D:7)
  3 killer bees (D:7)
  3 vampire bats (D:3)
  7 wights (D:6)
  5 howler monkeys
  3 electric eels (D:5)
  5 crimson imps
  A centaur zombie (D:7)
  4 hounds
  A jelly (D:8)
  A centaur skeleton (D:4)
  3 bullfrog skeletons
  8 orc wizards
  Jessica (D:2)
  4 worker ants
  2 iguanas
  A hound zombie (D:5)
  2 hound skeletons
  7 gnolls (D:7)
  14 adders
  A shadow imp (D:7)
  5 oozes
  2 adder skeletons
  5 worms
  4 dart slugs
  7 leopard geckos
  19 orcs
  2 ball pythons
  3 bat skeletons (D:3)
  2 bat zombies (D:3)
  7 giant cockroaches
  4 goblins
  7 hobgoblins
  21 jackals
  17 kobolds
  5 quokkas
  11 bats
  7 frilled lizards
  A jackal skeleton (D:4)
  13 rats
246 creatures vanquished.

Vanquished Creatures (others)
  An orc priest (D:6)
  An adder (D:7)
  3 orcs (D:6)
5 creatures vanquished.

Grand Total: 251 creatures vanquished

Notes
Turn   | Place    | Note
-------+----------+-------------------------------------------
     0 | D:1      | shakethe the Ogre Fire Elementalist began the quest for the Orb.
     0 | D:1      | Reached XP level 1. HP: 16/16 MP: 3/3
   128 | D:1      | Reached skill level 1 in Fighting
   354 | D:1      | Reached XP level 2. HP: 27/27 MP: 5/5
   367 | D:1      | Reached skill level 3 in Fire Magic
   598 | D:1      | Reached skill level 2 in Fighting
   967 | D:1      | Reached XP level 3. HP: 35/35 MP: 4/6
  1159 | D:2      | Found an ornate altar of the Wu Jian Council.
  1258 | D:2      | Found a basalt altar of Yredelemnul.
  1644 | D:2      | Found a sacrificial altar of Ru.
  1656 | D:2      | Reached skill level 3 in Fighting
  1746 | D:2      | Found a runed door.
  1859 | D:2      | Found an opulent altar of Gozag.
  1861 | D:2      | Found a sacrificial altar of Ru.
  1863 | D:2      | Found a shadowy altar of Dithmenos.
  1863 | D:2      | Found a hide-covered altar of Uskayaw.
  1911 | D:2      | Reached XP level 4. HP: 41/45 MP: 5/7
  1925 | D:2      | Found a shattered altar of Ashenzari.
  2060 | D:2      | Noticed Jessica
  2084 | D:2      | Killed Jessica
  2347 | D:1      | Reached skill level 4 in Fighting
  2347 | D:1      | Reached skill level 4 in Fire Magic
  2347 | D:1      | Reached XP level 5. HP: 48/54 MP: 4/8
  3307 | D:3      | Found an ancient bone altar of Kikubaaqudgha.
  3326 | D:3      | Reached skill level 5 in Fighting
  3326 | D:3      | Reached XP level 6. HP: 66/66 MP: 4/9
  3522 | D:3      | Learned a level 3 spell: Conjure Flame
  3527 | D:3      | Learned a level 4 spell: Sticky Flame
  3688 | D:4      | Reached skill level 1 in Conjurations
  3688 | D:4      | Reached skill level 5 in Fire Magic
  3749 | D:4      | Noticed a phantom
  3808 | D:4      | Killed a phantom
  3808 | D:4      | Reached skill level 6 in Fighting
  3808 | D:4      | Reached XP level 7. HP: 52/75 MP: 0/10
  3984 | D:4      | Reached skill level 2 in Conjurations
  4055 | D:4      | Noticed Blork the orc
  4068 | D:4      | Found a shimmering altar of Xom.
  4113 | D:4      | Killed Blork the orc
  4626 | D:4      | Reached skill level 1 in Axes
  4989 | D:4      | Found Ysouh's Distillery.
  5017 | D:4      | Reached skill level 7 in Fighting
  5017 | D:4      | Reached skill level 3 in Conjurations
  5017 | D:4      | Reached XP level 8. HP: 87/87 MP: 1/11
  5326 | D:5      | Entered Level 5 of the Dungeon
  5352 | D:5      | Noticed Edmund
  5430 | D:4      | Killed Edmund
  5430 | D:4      | Reached skill level 2 in Axes
  5506 | D:5      | Found a transporter.
  5515 | D:5      | Got a dazzling falchion
  5516 | D:5      | Identified the +2 falchion "Dajoinlo" {protect, rF+ Int+5} (You found it on level 5 of the Dungeon)
  5602 | D:5      | Found a glowing drain.
  5626 | Sewer    | Entered a sewer
  5689 | Sewer    | Reached skill level 6 in Fire Magic
  5877 | Sewer    | Reached skill level 3 in Axes
  5962 | Sewer    | Reached skill level 8 in Fighting
  6128 | Sewer    | Reached skill level 4 in Conjurations
  6448 | Sewer    | Reached XP level 9. HP: 89/97 MP: 12/12
  6494 | D:5      | Learned a level 1 spell: Animate Skeleton
  6585 | D:5      | Found a transporter.
  7070 | D:5      | Reached skill level 1 in Necromancy
  7161 | D:6      | Reached skill level 4 in Axes
  7161 | D:6      | Reached skill level 3 in Spellcasting
  7628 | D:6      | Reached skill level 9 in Fighting
  7910 | D:6      | Found a glowing golden altar of the Shining One.
  7966 | D:6      | Learned a level 3 spell: Regeneration
  8190 | D:6      | Found a staircase to the Ecumenical Temple.
  8351 | D:7      | Reached skill level 2 in Necromancy
  8359 | D:7      | Reached skill level 7 in Fire Magic
  8756 | D:7      | Reached skill level 5 in Conjurations
  9185 | D:7      | Reached skill level 4 in Spellcasting
  9240 | D:7      | Noticed pk666's ghost (novice DEWz)
  9261 | Temple   | Entered the Ecumenical Temple
  9278 | Temple   | Became a worshipper of Makhleb the Destroyer
  9450 | D:7      | Found a glowing golden altar of the Shining One.
  9522 | D:7      | Killed pk666's ghost
  9522 | D:7      | Reached skill level 5 in Axes
  9522 | D:7      | Reached XP level 10. HP: 66/107 MP: 7/16
  9701 | D:7      | Reached skill level 3 in Necromancy
  9714 | D:7      | Learned a level 5 spell: Borgnjor's Vile Clutch
  9726 | D:7      | Found a stormy altar of Qazlal.
 10432 | D:8      | Noticed a two-headed ogre
 10445 | D:8      | Killed a two-headed ogre
 10445 | D:8      | Reached skill level 10 in Fighting
 10445 | D:8      | Reached skill level 5 in Spellcasting
 10447 | D:8      | Reached * piety under Makhleb
 10449 | D:8      | Noticed a two-headed ogre
 10608 | D:8      | Killed a two-headed ogre
 10644 | D:8      | Reached skill level 6 in Conjurations
 10904 | D:8      | Noticed a two-headed ogre
 10917 | D:8      | Killed a two-headed ogre
 10917 | D:8      | Reached skill level 6 in Axes
 10917 | D:8      | Reached skill level 4 in Necromancy
 10917 | D:8      | Reached skill level 8 in Fire Magic
 11118 | D:8      | HP: 24/111 [something (24)]
 11120 | D:8      | HP: 4/111 [something (11)]
 11122 | D:8      | Mangled by an orc warrior

Skill      XL: |  1  2  3  4  5  6  7  8  9 10 |
---------------+-------------------------------+-----
Fighting       | 1 2 3 4 5 6 7 8 9 10 | 10.5
Fire Magic     | 3 4 5 6 7 8 |  8.0
Conjurations   | 1 3 4 5 6 |  6.2
Axes           | 1 3 5 6 |  6.0
Necromancy     | 2 4 |  4.1
Spellcasting   | 4 5 |  5.7
Dodging        | |  1.7
Stealth        | |  1.4

Action                   |  1- 3 |  4- 6 |  7- 9 | 10-12 || total
-------------------------+-------+-------+-------+-------++-------
Melee: Unarmed           |    14 |       |       |       ||    14
       Club              |    17 |       |       |       ||    17
       Dagger            |    69 |   167 |   162 |       ||   398
       Falchion          |       |       |   311 |       ||   311
       Battleaxe         |       |       |   104 |    82 ||   186
Throw: Stone             |       |       |       |     2 ||     2
 Cast: Flame Tongue      |    29 |    33 |    41 |       ||   103
       Conjure Flame     |       |       |     2 |     1 ||     3
       Sticky Flame      |       |       |    23 |    12 ||    35
       Regeneration      |       |       |     1 |       ||     1
 Stab: Sleeping          |     3 |     4 |    11 |     1 ||    19
       Distracted        |       |       |     1 |       ||     1
  Eat: Chunk             |     3 |     3 |    15 |     5 ||    26
       Ration            |     1 |       |     3 |     2 ||     6
Armor: Robe              |    39 |   113 |   275 |    46 ||   473
Dodge: Dodged            |    62 |   129 |   285 |    57 ||   533
Block: Other             |    12 |    39 |   124 |    21 ||   196
       Reflection        |       |       |     3 |       ||     3
       Rpst.: Falchion   |       |       |    51 |       ||    51

Vault maps used:
D:1:      minmay_arrival_nine_rooms
D:2:      grunt_temple_overflow_open, nicolae_overflow_crystal_walls,
          old_standard_altar, ashenzari_conservatory_becter, first_ration,
          nicolae_ru_the_path_less_chosen, uniq_jessica, uniq_crazy_yiuf_cottage
D:3:      kennysheep_vampire_church, nrook_loot_triangle,
          guppyfry_early_lair_pool
D:4:      lemuel_coloured_pillars_altar, serial_shops, nicolae_shop_statue_plus,
          uniq_blork_the_orc
D:5:      gammafunk_steamed_eel, portal_sewer_entry_f, uniq_edmund
D:6:      lemuel_ice_spiral_2, minmay_temple_entry_from_below_a, basic_altar
D:7:      marbit_many_paths, tso_altar
D:8:      hangedman_pestilent_swarm
Temple:   minmay_freezing_vapour_temple
Sewer:    sewer_co_tree

Table legend:
 A = Turns spent in this place as a percentage of turns spent in the entire game.
 B = Non-inter-level travel turns spent in this place as a percentage of non-inter-level travel turns spent in the entire game.
 C = Inter-level travel turns spent in this place as a percentage of turns spent in this place.
 D = Turns resting spent in this place as a percentage of non-inter-level travel turns spent in this place.
 E = Turns spent auto-exploring this place as a percentage of non-inter-level travel turns spent in this place.
 F = Non-inter-level travel turns spent in this place divided by the number of levels of this place that you've seen.
                   A       B       C       D       E      F
               +-------+-------+-------+-------+-------+----------------------
         Total | 100.0 | 100.0 |   1.8 |  24.2 |  36.5 | 1092.6
       Dungeon |  92.0 |  91.8 |   1.9 |  26.3 |  36.4 | 1254.0
        Temple |   0.3 |   0.3 |   0.0 |   0.0 |   0.0 |  29.0
         Sewer |   7.8 |   7.9 |   0.0 |   0.0 |  39.0 | 865.0
               +-------+-------+-------+-------+-------+----------------------

Table legend:
 A = Kills in this place as a percentage of kills in entire the game.
 B = Kills by you in this place as a percentage of kills by you in the entire game.
 C = Kills by friends in this place as a percentage of kills by friends in the entire game.
 D = Other kills in this place as a percentage of other kills in the entire game.
 E = Experience gained in this place as a percentage of experience gained in the entire game.
 F = Experience gained in this place divided by the number of levels of this place that you have seen.
                   A       B       C       D       E      F
               +-------+-------+-------+-------+-------+----------------------
         Total | 100.0 | 100.0 |   N/A | 100.0 | 100.0 | 897.8
       Dungeon |  88.7 |  88.6 |   N/A | 100.0 |  89.9 | 1008.8
         Sewer |  11.3 |  11.4 |   N/A |   0.0 |  10.1 | 908.0
               +-------+-------+-------+-------+-------+----------------------
